 Dungeon Crawl Stone Soup version 0.20.1-1-g8b1a95d (webtiles) character file.

24 Jazqa the Skirmisher (level 3, 0/24 HPs)
             Began as a Kobold Fighter on Oct 31, 2017.
             Was an Initiate of Cheibriados.
             Slain by an adder (1 damage)
             ... on level 2 of the Dungeon.
             The game lasted 00:01:04 (873 turns).

Jazqa the Skirmisher (Kobold Fighter)                Turns: 873, Time: 00:01:05

Health: 0/24       AC:  0    Str: 19    XL:     3   Next: 15%
Magic:  3/3        EV: 13    Int: 10    God:    Cheibriados [......]
Gold:   18         SH:  0    Dex: 16    Spells: 2/2 levels left

rFire    . . .     SeeInvis .   a - +0 rapier
rCold    . . .     Gourm    .   (shield restricted)
rNeg     . . .     Faith    .   (no armour)
rPois    .         Spirit   .   (no helmet)
rElec    .         Reflect  .   (no cloak)
rCorr    .         Harm     .   (no gloves)
MR       .....                  (no boots)
Stlth    +.........             (no amulet)
Regen    0.1/turn               (no ring)
MPRegen  0.1/turn               (no ring)

@: mighty, lethally poisoned (0 -> -2), flying, very slow
A: carnivore 3
a: Bend Time, Renounce Religion


You were on level 2 of the Dungeon.
You worshipped Cheibriados.
Cheibriados was noncommittal.
You were completely stuffed.

You visited 1 branch of the dungeon, and saw 2 of its levels.

You collected 18 gold pieces.


Innate Abilities, Weirdness & Mutations

You are small and have problems with some larger weapons.
You are carnivorous and can eat meat at any time.


   Skills:
 + Level 3.9 Fighting
 + Level 3.7 Short Blades
 - Level 2.4 Armour
   Level 2.4 Shields


You had 2 spell levels left.
You didn't know any spells.

Inventory:

Hand Weapons
 a - a +0 rapier (weapon)
Scrolls
 e - a scroll of remove curse {unknown}
 h - a scroll of blinking {unknown}
 i - a scroll of amnesia {unknown}
 j - 2 scrolls of teleportation {unknown}
 l - a scroll of identify {unknown}
Potions
 k - a potion of heal wounds {unknown}
Comestibles
 f - a meat ration {@e1}
 g - a royal jelly {@e3}
 m - a chunk of flesh

Dungeon Overview and Level Annotations

Branches:
Dungeon (2/15)

Altars:
Cheibriados

....##.# ...
#.# #.# #.#
#######†###.#
.......)....#
............#
........Sg..#
########S##.#
#@##.# #..#.#
##.#.# #.#.#
#...# ##..#
#..# #..##
##..#


You could see 2 adders and a goblin.


Message History

You closely miss the goblin. The goblin hits you with a dagger.
You closely miss the goblin. The goblin hits you with a dagger.
* * * LOW HITPOINT WARNING * * *
Unknown command.
You hit the goblin but do no damage. The goblin hits you with a dagger.
* * * LOW HITPOINT WARNING * * *
Unknown command.
You see here a mace.
The goblin misses you.
You open the door. The adder bites you.
* * * LOW HITPOINT WARNING * * *
The goblin hits you but does no damage.
Unknown command.
The adder bites you.
* * * LOW HITPOINT WARNING * * *
You are lethally poisoned!
The adder poisons you!
There is an open door here.
* * * LOW HITPOINT WARNING * * *
You feel sick. The adder closely misses you.
Unknown command.
You feel very mighty all of a sudden. The adder misses you.
Unknown command.
It was a potion of flight.
You feel very buoyant.
You fly up into the air.
* * * LOW HITPOINT WARNING * * *
You feel sick. The adder bites you.
You die...

Skill      XL: |  1 |
---------------+----+-----
Short Blades   | 3 |  3.7
Fighting       | |  3.9
Armour         | |  2.4
Shields        | |  2.4

Action                   || total
-------------------------++-------
Melee: Rapier            ||    76
  Use: Potion            ||     2
  Eat: Chunk             ||     9
Armor: Scale mail        ||    20
Dodge: Dodged            ||    25
Block: Shield            ||    28

Vault maps used:
D:1:      wheals_arrival_shading, cheibriados_altar_1
D:2:      kiku_gazebo_pond_becter

Notes
Turn   | Place    | Note
-------+----------+-------------------------------------------
     0 | D:1      | Jazqa the Kobold Fighter began the quest for the Orb.
     0 | D:1      | Reached XP level 1. HP: 14/14 MP: 1/1
    35 | D:1      | Reached skill level 3 in Short Blades
    38 | D:1      | Reached XP level 2. HP: 15/19 MP: 2/2
   143 | D:1      | Found a snail-covered altar of Cheibriados.
   173 | D:1      | Became a worshipper of Cheibriados the Contemplative
   607 | D:2      | Reached XP level 3. HP: 7/24 MP: 3/3
   871 | D:2      | HP: 2/24 [poisoned by an adder]
   873 | D:2      | Slain by an adder

Vanquished Creatures
  A leopard gecko (D:2)
  A bat (D:1)
  2 giant cockroaches (D:1)
  A goblin (D:1)
  5 hobgoblins (D:1)
  A kobold (D:1)
  A quokka (D:2)
  3 frilled lizards
  7 rats
22 creatures vanquished.
